 Dungeon Crawl Stone Soup version 0.26.1-10-gdfb7c7de75 (webtiles) character file.

Game seed: 1106808432091494683

12735 DearestLeader the Spear-Bearer (level 11, -2/83 HPs)
             Began as a Merfolk Ice Elementalist on Apr 6, 2021.
             Was a High Priest of Vehumet.
             Slain by an eight-headed hydra (5 damage)
             ... on level 1 of the Lair of Beasts.
             The game lasted 00:27:57 (14124 turns).

DearestLeader the Spear-Bearer (MfIE)              Turns: 14124, Time: 00:27:58

Health: -2/83      AC: 14    Str:  8    XL:     11   Next: 98%
Magic:  0/18       EV: 17    Int: 17    God:    Vehumet [*****.]
Gold:   553        SH:  0    Dex: 19    Spells: 8/19 levels left

rFire    . . .     SeeInvis .   B - +8 hunting sling of the Howling Queen {freeze, rPois rN+ Dex+3}
rCold    . . .     Faith    .   (no shield)
rNeg     + + +     Spirit   .   w - +2 robe {rN+}
rPois    +         Reflect  .   (no helmet)
rElec    .         Harm     .   (no cloak)
rCorr    .         Rampage  .   x - +0 pair of gloves
Will     .....                  k - +0 pair of boots
Stlth    ++........             E - amulet of the acrobat
HPRegen  0.23/turn              J - +4 ring of slaying
MPRegen  0.16/turn              q - ring of positive energy

@: icy armour, about to teleport, frozen ramparts
A: change form in water, swift swim, stealthy swim
a: Renounce Religion


You were on level 1 of the Lair of Beasts.
You worshipped Vehumet.
Vehumet was extremely pleased with you.
You visited 3 branches of the dungeon, and saw 12 of its levels.
You also visited: Ossuary.

You collected 553 gold pieces.

Inventory:

Hand Weapons
 n - a +0 dagger
 B - the +8 hunting sling of the Howling Queen (weapon) {freeze, rPois rN+ Dex+3}
   (You found it on level 7 of the Dungeon)

   It causes projectiles fired from it to freeze those they strike, causing
   extra injury to most foes and up to half again as much damage against
   particularly susceptible opponents.
   They can also slow down cold-blooded creatures.
   It affects your dexterity (+3).
   It protects you from poison.
   It protects you from negative energy.
 H - the +7 quarterstaff of the Glowing Badger {vorpal, *Noise rF++ rC+ Int+4}
   (You took it off an orc on level 8 of the Dungeon)

   It inflicts extra damage upon your enemies.
   It affects your intelligence (+4).
   It greatly protects you from fire.
   It protects you from cold.
   It may make noises in combat.
Missiles
 d - 229 stones (quivered ammo)
 p - 34 poisoned darts
 I - 44 sling bullets
Armour
 k - a +0 pair of boots (worn)
 w - a +2 robe of positive energy (worn)
 x - a +0 pair of gloves (worn)
 D - +0 acid dragon scales
 F - a +1 robe of cold resistance
Jewellery
 g - an uncursed ring of ice
 q - a ring of positive energy (right hand)
 E - an amulet of the acrobat (around neck)
 J - a +4 ring of slaying (left hand)
Wands
 a - a wand of paralysis (14)
 j - a wand of random effects (29)
 l - a wand of iceblast (21)
 y - a wand of disintegration (31)
Scrolls
 b - a scroll of identify
 c - 3 scrolls of immolation
 e - 4 scrolls of teleportation
 f - 6 scrolls of remove curse
 m - a scroll of enchant armour {unknown}
 o - a scroll of fear
 v - 2 scrolls of amnesia
Potions
 h - 3 potions of mutation
 i - 2 potions of might
 r - 7 potions of curing
 s - 2 potions of lignification
 t - 9 potions of heal wounds
 z - 3 potions of haste
 A - 2 potions of flight
 G - a potion of attraction


   Skills:
 + Level 6.4 Fighting
 - Level 14.0 Polearms
 * Level 7.5 Slings
 + Level 6.6 Dodging
 - Level 2.1 Stealth
 + Level 4.9 Spellcasting
 + Level 11.0 Ice Magic


You had 8 spell levels left.
You knew the following spells:

 Your Spells              Type           Power        Failure   Level
a - Freeze                Ice            100%         1%          1
b - Frozen Ramparts       Ice            82%          1%          3
c - Ozocubu's Armour      Ice            41%          1%          3
d - Summon Ice Beast      Ice/Summ       22%          14%         4

Your spell library contained the following spells:

 Spells                   Type           Power        Failure   Level
 Fireball                 Conj/Fire      2%           67%         5
 Hailstorm                Conj/Ice       22%          4%          4
 Animate Skeleton         Necr           8%           14%         1
 Pain                     Necr           16%          14%         1
 Vampiric Draining        Necr           2%           41%         3
 Animate Dead             Necr           2%           82%         4
 Agony                    Necr           4%           99%         5


Dungeon Overview and Level Annotations

Branches:
Dungeon (10/15)            Temple (1/1) D:4            Lair (1/6) D:8
Ossuary (visited)
    Orc: D:9-12

Altars:
Nemelex Xobeh
Okawaru
Qazlal
Sif Muna
Vehumet

Shops:
D:5 *   D:10 (


Message History

Aim: a four-headed hydra (lightly wounded, slow, 86% to hit)
You shoot a stone.
The stone barely misses the four-headed hydra.
Your ice beast hits the eight-headed hydra.
Your ice beast freezes the eight-headed hydra.
The eight-headed hydra seems to slow down.
The wall freezes the four-headed hydra!
The four-headed hydra seems to slow down.
The four-headed hydra closely misses you.
The four-headed hydra completely misses you.
The four-headed hydra closely misses you.
The four-headed hydra bites you.
* * * LOW HITPOINT WARNING * * *
The wall freezes the eight-headed hydra.
The eight-headed hydra seems to slow down.
The eight-headed hydra completely misses you.
The eight-headed hydra bites you but does no damage.
The eight-headed hydra completely misses you.
The eight-headed hydra bites you.
You die...

..........................
#..................$......
##........................
##.......................?.
##..............Y........... .
#......)..##.l#............. ..
##.......##.Y.#.#...........
..####.[....##.DD....#.....#.#...
.#.#P......##...@⌠....##...### ..
.................###....#### #
.#.......#.....### #....#
.........#...###.#####.....
........#....###...# ...##
.......+....÷....... .....
........⌠.....⌠..>.. ....⌠.
.................... ......
#........#....##...#


You could see an eight-headed hydra (slow), a four-headed hydra (slow), a komodo
dragon and a friendly ice beast (summoned).

Vanquished Creatures
  3 two-headed ogres
  Pikel (D:5)
  A manticore (D:10)
  2 komodo dragons
  A kobold demonologist (D:10)
  An efreet (D:10)
  Sigmund (D:2)
  A shadow (D:7)
  A wraith (D:10)
  3 basilisks (D:8)
  3 wyverns
  5 yaks (Lair:1)
  2 acid dragons
  A water moccasin (Lair:1)
  2 orc warriors (D:9)
  2 sky beasts
  A phantom (D:9)
  An ice beast (D:9)
  A necrophage (D:7)
  6 centaurs
  7 ogres
  2 lemures (D:5)
  15 big kobolds (D:10)
  Blork the orc (D:4)
  5 bullfrogs
  A wyvern zombie (D:10)
  13 scorpions
  4 killer bees (D:9)
  10 wights
  5 howler monkeys
  2 centaur zombies (D:7)
  2 bullfrog zombies
  2 human zombies (Ossuary)
  2 hounds
  6 orc priests
  4 jellies
  3 bullfrog skeletons
  4 iguanas
  8 orc wizards
  10 worker ants
  4 big kobold zombies (Ossuary)
  A hound skeleton (D:4)
  3 mummies (Ossuary)
  A howler monkey zombie (D:5)
  2 worker ant zombies
  11 adders
  5 scorpion zombies (Ossuary)
  A shadow imp (D:7)
  6 white imps
  5 ufetubi
  An ooze (D:4)
  A worm zombie (D:8)
  2 adder skeletons
  2 adder zombies
  5 worms
  A dart slug (D:3)
  4 leopard geckos
  43 orcs
  A ball python (D:3)
  6 bats
  5 giant cockroaches
  2 gnoll zombies (Ossuary)
  5 goblins
  8 hobgoblins
  11 jackals
  17 kobolds
  2 quokkas
  5 frilled lizards
  3 goblin zombies (Ossuary)
  A hobgoblin zombie (Ossuary)
  2 kobold zombies (Ossuary)
  An orc zombie (Ossuary)
  2 quokka skeletons
  5 rats
  A rat zombie (D:8)
320 creatures vanquished.

Vanquished Creatures (collateral kills)
  A two-headed ogre (D:10)
  A centaur (D:8)
  A centaur zombie (D:8)
  A bullfrog skeleton (D:10)
  An orc wizard (D:7)
  2 orcs
7 creatures vanquished.

Vanquished Creatures (others)
  A bullfrog skeleton (D:10)
  A fungus (Lair:1)
  A plant (Lair:1)
3 creatures vanquished.

Grand Total: 330 creatures vanquished

Notes
Turn   | Place    | Note
-------+----------+-------------------------------------------
     0 | D:1      | DearestLeader the Merfolk Ice Elementalist began the quest
                  | for the Orb.
     0 | D:1      | Reached XP level 1. HP: 13/13 MP: 3/3
   326 | D:1      | Reached XP level 2. HP: 19/19 MP: 5/5
   425 | D:1      | Reached skill level 5 in Ice Magic
   694 | D:1      | Found a sparkling altar of Nemelex Xobeh.
  1088 | D:2      | Reached XP level 3. HP: 24/24 MP: 4/6
  1092 | D:2      | Learned a level 3 spell: Frozen Ramparts
  1279 | D:2      | Noticed Sigmund
  1289 | D:2      | Killed Sigmund
  1290 | D:2      | Reached XP level 4. HP: 20/30 MP: 3/7
  1290 | D:2      | Reached XP level 5. HP: 23/35 MP: 3/8
  1997 | D:3      | Noticed an ogre
  2001 | D:3      | Reached XP level 6. HP: 36/41 MP: 5/9
  2958 | D:3      | Learned a level 3 spell: Ozocubu's Armour
  3117 | D:3      | Reached skill level 1 in Polearms
  3500 | D:4      | Found a staircase to the Ecumenical Temple.
  3507 | Temple   | Entered the Ecumenical Temple
  3511 | Temple   | Became a worshipper of Vehumet
  3519 | D:4      | Noticed Blork the orc
  3524 | D:4      | Killed Blork the orc
  3525 | D:4      | Reached skill level 2 in Polearms
  3525 | D:4      | Reached XP level 7. HP: 42/46 MP: 3/10
  3534 | D:4      | Reached skill level 3 in Polearms
  3706 | D:4      | Reached skill level 4 in Polearms
  4275 | D:5      | Entered Level 5 of the Dungeon
  4636 | D:5      | Reached skill level 5 in Polearms
  4763 | D:5      | Found Baarod's General Store.
  4923 | D:5      | Noticed Pikel
  4936 | D:5      | Killed Pikel
  4937 | D:5      | Reached skill level 9 in Polearms
  4937 | D:5      | Reached XP level 8. HP: 26/52 MP: 3/11
  5317 | D:5      | Learned a level 4 spell: Summon Ice Beast
  5338 | D:6      | Reached skill level 1 in Fighting
  5436 | D:6      | Reached skill level 10 in Polearms
  6187 | D:6      | Reached skill level 11 in Polearms
  6187 | D:6      | Reached XP level 9. HP: 43/64 MP: 5/12
  6309 | D:6      | Found an iron altar of Okawaru.
  7029 | D:6      | Reached * piety under Vehumet
  7029 | D:6      | Offered knowledge of Sandblast by Vehumet.
  7034 | D:6      | Reached skill level 12 in Polearms
  7747 | D:7      | Reached skill level 13 in Polearms
  8183 | D:7      | Got a polished hunting sling
  8183 | D:7      | Identified the +8 hunting sling of the Howling Queen
                  | {freeze, rPois rN+ Dex+3} (You found it on level 7 of the
                  | Dungeon)
  8531 | D:7      | Reached skill level 14 in Polearms
  8531 | D:7      | Reached skill level 1 in Slings
  8890 | D:7      | Reached XP level 10. HP: 71/71 MP: 13/13
  9098 | D:8      | Found a sand-covered staircase.
  9121 | D:8      | Offered knowledge of Shock by Vehumet.
  9126 | D:8      | Reached ** piety under Vehumet
  9151 | Ossuary  | Entered an ossuary
  9897 | Ossuary  | Offered knowledge of Searing Ray by Vehumet.
 10182 | D:8      | Found a stormy altar of Qazlal.
 10306 | D:8      | Reached *** piety under Vehumet
 10691 | D:8      | Identified the +7 quarterstaff of the Glowing Badger
                  | {vorpal, *Noise rF++ rC+ Int+4}
 10695 | D:8      | Reached skill level 5 in Fighting
 10726 | D:8      | Reached skill level 5 in Dodging
 10807 | D:8      | Found a staircase to the Lair.
 10832 | D:8      | Offered knowledge of Inner Flame by Vehumet.
 11156 | D:9      | Reached skill level 5 in Slings
 11366 | D:9      | Noticed a two-headed ogre
 11372 | D:9      | Killed a two-headed ogre
 11373 | D:9      | Reached skill level 10 in Ice Magic
 11373 | D:9      | Reached XP level 11. HP: 79/79 MP: 14/17
 11761 | D:9      | Reached **** piety under Vehumet
 12004 | D:9      | Offered knowledge of Irradiate by Vehumet.
 12553 | D:10     | Entered Level 10 of the Dungeon
 12559 | D:10     | Found Suhycaosk's Weapon Shop.
 12611 | D:10     | Noticed a sun demon
 12770 | D:10     | Noticed a two-headed ogre
 12778 | D:10     | Killed a two-headed ogre
 12880 | D:10     | Noticed a two-headed ogre
 12888 | D:10     | Killed a two-headed ogre
 12888 | D:10     | Reached ***** piety under Vehumet
 12915 | D:10     | Offered knowledge of Fireball by Vehumet.
 13152 | D:10     | Noticed a manticore
 13156 | D:10     | Noticed a two-headed ogre
 13161 | D:10     | Killed a manticore
 13166 | D:10     | Killed a two-headed ogre
 13325 | Lair:1   | Entered Level 1 of the Lair of Beasts
 13662 | Lair:1   | Noticed an eight-headed hydra
 13677 | Lair:1   | HP: 3/83 [eight-headed hydra (10)]
 14114 | Lair:1   | Noticed a four-headed hydra
 14124 | Lair:1   | HP: 3/83 [four-headed hydra (3)]
 14124 | Lair:1   | Slain by an eight-headed hydra

Illustrated notes

Levels and vault maps discovered:
D:1:      minmay_arrival_plants_in_alcoves, layout_rooms,
          nemelex_diamond_rough_becter
D:2:      layout_rooms, columned_hall_lemuel, uniq_sigmund
D:3:      layout_loops_ring, serial_park_tiny_1, grunt_ministairs_14
D:4:      layout_rooms, minmay_temple_entry_hall, guppyfry_early_lair_pool,
          uniq_blork_the_orc
D:5:      layout_loops_ring, serial_shops, shop, hangedman_minor_gate_pass,
          uniq_pikel
D:6:      layout_loops_corners, overflow_temple_1_default
D:7:      layout_cave_pods
D:8:      layout_loops_ring, erik_lair_dragon, basic_altar, enter_ossuary_3
D:9:      layout_stronghold
D:10:     layout_roguey [special_room_kobold], serial_shops, shop, minmay_bent
Temple:   regret_index_temple_sigil_plot
Lair:1:   layout_hall_layers, grunt_megastairs_5

Skill      XL: |  1  2  3  4  5  6  7  8  9 10 11 |
---------------+----------------------------------+-----
Ice Magic      | 5 7 8 9 10 11 | 11.0
Polearms       | 2 9 11 14 | 14.0
Fighting       | 3 4 5 6 |  6.4
Slings         | 2 5 7 |  7.5
Dodging        | 3 5 6 |  6.6
Spellcasting   | 4 |  4.9
Stealth        | |  2.1

Action                   |  1- 3 |  4- 6 |  7- 9 | 10-12 || total
-------------------------+-------+-------+-------+-------++-------
Melee: Unarmed           |     2 |       |       |       ||     2
       Trident           |       |       |   300 |    13 ||   313
       Hunting sling     |       |       |       |     1 ||     1
 Fire: Hunting sling     |    81 |   129 |    55 |   493 ||   758
 Cast: Freeze            |    26 |     7 |       |       ||    33
       Frozen Ramparts   |     3 |    15 |    35 |    30 ||    83
       Ozocubu's Armour  |       |     1 |    12 |     6 ||    19
       Summon Ice Beast  |       |       |     1 |    12 ||    13
  Use: Scroll            |       |     4 |     6 |     9 ||    19
       Potion            |       |       |       |     1 ||     1
 Stab: Sleeping          |     1 |       |     5 |       ||     6
Armor: Robe              |     6 |     7 |    61 |    43 ||   117
Dodge: Dodged            |    28 |    41 |   143 |   153 ||   365
